Stars vs Devils (R1)

Created - 10 février 2013 at 21:36

Goals
1 2 3 T
Stars 1 1 1 3
Devils 1 3 2 6
Shots
1 2 3 T
Stars 6 9 9 24
Devils 13 9 8 30

1st period

1. Devils , Henrik Zetterberg 19 (Marian Hossa, Chris Pronger) at 3:09
2. Stars , Mathieu Schneider 7 (David Legwand, Cory Stillman) at 17:03 (PP)

Penalties :
Anze Kopitar (NJD) for Interference (Minor) at 16:02

2nd period

3. Devils , Chris Kunitz 7 (Henrik Zetterberg, Ramzi Abid) at 2:26
4. Stars , Jan Hlavac 7 (Mark Parrish) at 15:22
5. Devils , Anze Kopitar 19 (Ben Lovejoy, Sergei Zubov) at 17:02
6. Devils , Roman Hamrlik 3 (Doug Weight, Henrik Zetterberg) at 19:53 (PP)

Penalties :
Ramzi Abid (NJD) for Hooking (Minor) at 0:05, Boris Mironov (NJD) for Holding (Minor) at 7:02, David Legwand (Dal) for Hooking (Minor) at 10:37, Steve Rucchin (Dal) for Hooking (Minor) at 19:21

3rd period

7. Devils , Henrik Zetterberg 20 (Teemu Selanne, Anze Kopitar) at 1:02 (PP)
8. Stars , Steve Rucchin 6 (Evgeny Artyukhin, Marcus Nilson) at 4:39
9. Devils , Jason Williams 2 (Sergei Zubov, Chris Pronger) at 12:39

Penalties :
David Legwand (Dal) for Hooking (Minor) at 0:17, Sergei Zubov (NJD) for High sticking (Minor) at 5:54, Patrik Elias (Dal) for Interference (Minor) at 12:44

Goalie Stats

Miika Kiprusoff (Dal), 24 saves from 30 shots - (0,800), L, 14-16-2, 60:00 minutes
Jimmy Howard (NJD), 21 saves from 24 shots - (0,875), W, 12-13-2, 60:00 minutes

Players Stats for Stars

Player Name              G  A  P  +/- PIM S  H  SB GA TA FO     MP     PP MP  PK MP  
------------------------------------------------------------------------------------
Alexei Kovalev           0  0  0  -1  0   2  0  1  0  0  0/0    17:34   2:35   0:00 
Branislav Mezei          0  0  0   2  0   0  2  1  0  1  0/0    21:45   2:31   3:37 
Brendan Bell             0  0  0  -2  0   2  2  0  0  3  0/0    14:08   2:31   0:00 
Cory Stillman            0  1  1  -2  0   2  2  0  2  0  0/1    22:33   4:23   3:21 
David Legwand            0  1  1  -2  4   2  2  0  0  0  13/24  18:58   4:23   0:29 
Evgeny Artyukhin         0  1  1   1  0   0  0  0  0  1  0/0    10:55   0:00   0:00 
Filip Novak              0  0  0   2  0   0  0  1  0  0  0/0    19:14   0:00   3:37 
Glen Metropolit          0  0  0   0  0   0  1  0  0  0  1/3     8:46   0:00   0:24 
Jan Hlavac               1  0  1   0  0   2  2  0  0  0  0/0     9:15   0:00   0:53 
Johnny Oduya             0  0  0  -2  0   3  0  4  0  0  0/0    25:54   4:27   1:38 
Marcus Nilson            0  1  1   1  0   1  1  1  1  0  0/0    10:55   0:00   0:00 
Mark Parrish             0  1  1   0  0   1  0  0  0  0  0/0     8:22   0:00   0:00 
Mathieu Schneider        1  0  1  -2  0   2  2  1  3  0  0/0    25:54   4:27   1:38 
Mike Modano              0  0  0  -1  0   2  5  0  0  0  21/31  20:11   2:35   3:21 
Nathan Horton            0  0  0  -2  0   2  1  1  0  1  0/0    19:39   4:23   1:01 
Patrik Elias             0  0  0  -1  2   2  4  0  1  0  0/1    16:56   2:35   0:00 
Randy Jones              0  0  0  -2  0   0  0  1  0  0  0/0    11:37   0:00   0:00 
Steve Rucchin            1  0  1   1  2   1  1  1  0  0  0/3    12:05   0:00   1:01 

Players Stats for Devils

Player Name              G  A  P  +/- PIM S  H  SB GA TA FO     MP     PP MP  PK MP  
------------------------------------------------------------------------------------
Anze Kopitar             1  1  2   0  2   5  3  0  0  1  10/29  20:27   3:12   1:37 
Ben Lovejoy              0  1  1   1  0   0  1  2  0  2  0/0    23:14   3:21   1:04 
Boris Mironov            0  0  0   0  2   1  1  0  0  0  0/0    11:34   0:00   0:00 
Chris Kunitz             1  0  1   1  0   1  4  1  0  0  0/1    12:26   0:00   0:49 
Chris Pronger            0  2  2   1  0   1  1  2  1  2  0/0    23:13   1:54   3:25 
Doug Weight              0  1  1   0  0   4  3  0  0  1  6/17   18:28   2:03   4:14 
Henrik Zetterberg        2  2  4   1  0   3  1  1  1  0  0/0    16:57   3:12   1:07 
Jason Williams           1  0  1   1  0   2  2  0  1  0  5/5     8:20   0:00   0:00 
Marian Hossa             0  1  1   0  0   0  2  0  0  0  1/1    16:09   2:03   1:55 
Olli Jokinen             0  0  0   0  0   2  0  0  0  0  2/4    11:04   0:00   0:00 
Peter Prucha             0  0  0   0  0   0  2  1  0  0  0/0    11:04   0:00   0:00 
Radek Dvorak             0  0  0   1  0   1  0  0  0  0  0/0     8:20   0:00   0:00 
Ramzi Abid               0  1  1   1  2   5  1  1  0  0  1/2    18:09   2:03   0:00 
Richard Matvichuk        0  0  0   0  0   0  1  1  0  1  0/0    14:37   0:00   3:33 
Roman Hamrlik            1  0  1   1  0   2  0  1  0  0  0/0    23:13   1:54   3:25 
Sergei Zubov             0  2  2   1  2   1  2  3  2  0  0/0    24:18   3:21   2:29 
Teemu Selanne            0  1  1   0  0   2  1  0  0  0  3/4    23:05   3:12   4:14 
Vladimir Orszagh         0  0  0   1  0   0  3  0  1  0  0/0     8:20   0:00   0:00 

3 Stars

1 - Henrik Zetterberg (NJD)
2 - Chris Kunitz (NJD)
3 - Jason Williams (NJD)

Power Play

Stars - 1 on 4 Attempt(s) - 25,00%
Devils - 2 on 4 Attempt(s) - 50,00%

Penalty Kill

Stars - 2 on 4 Attempt(s) - 50,00% - Score 0 goal in Penalty Kill
Devils - 3 on 4 Attempt(s) - 75,00% - Score 0 goal in Penalty Kill

Official

Referees : Morton Dean and Lee Chris
Linesman : Derek Amell and David Brisebois

Game Notes

No Game Note

Finance

Level 1 -- Attendance: 4011 (66,85%) -- Ticket Income 441 210 $
Level 2 -- Attendance: 4003 (80,06%) -- Ticket Income 240 180 $
Level 3 -- Attendance: 1196 (59,80%) -- Ticket Income 47 840 $
Level 4 -- Attendance: 2350 (58,75%) -- Ticket Income 58 750 $
Luxury Box -- Attendance: 572 (57,20%) -- Ticket Income 143 000 $
Total Attendance: 12132 (67,40%)
Total Ticket Income: 930 980 $
Total Income: 930 980 $

Stars

5 vs 5 Forward 
   Center                   Left Wing                Right Wing               Time % Phy DF OF 
 1 David Legwand            Cory Stillman            Nathan Horton            40     0   1  4  
 2 Mike Modano              Patrik Elias             Alexei Kovalev           40     0   1  4  
 3 Steve Rucchin            Marcus Nilson            Evgeny Artyukhin         12     1   2  2  
 4 Glen Metropolit          Jan Hlavac               Mark Parrish             8      1   2  2  

5 vs 5 Defense 
   Defense                  Defense                                           Time % Phy DF OF 
 1 Mathieu Schneider        Johnny Oduya                                      40     1   2  2  
 2 Branislav Mezei          Filip Novak                                       30     1   2  2  
 3 Randy Jones              Brendan Bell                                      20     1   2  2  
 4 Mathieu Schneider        Johnny Oduya                                      10     1   2  2  

PowerPlay Forward 
   Center                   Left Wing                Right Wing               Time % Phy DF OF 
 1 David Legwand            Cory Stillman            Nathan Horton            60     0   0  5  
 2 Mike Modano              Patrik Elias             Alexei Kovalev           40     0   0  5  

PowerPlay Defense
   Defense                  Defense                                           Time % Phy DF OF 
 1 Mathieu Schneider        Johnny Oduya                                      60     0   1  4  
 2 Branislav Mezei          Brendan Bell                                      40     0   1  4  

Penalty Kill 4 Players Forward 
   Center                   Wing                     Time % Phy DF OF 
 1 Mike Modano              Cory Stillman            60     1   3  1  
 2 Steve Rucchin            Nathan Horton            40     1   3  1  

Penalty Kill 4 Players Defense
   Defense                  Defense                  Time % Phy DF OF 
 1 Branislav Mezei          Filip Novak              60     1   3  1  
 2 Mathieu Schneider        Johnny Oduya             40     1   3  1  

Penalty Kill - 3 Players Forward 
   Forward                                           Time % Phy DF OF 
 1 Mike Modano                                       60     1   3  1  
 2 Steve Rucchin                                     40     1   3  1  

Penalty Kill - 3 Players Defense
   Defense                  Defense                  Time % Phy DF OF 
 1 Branislav Mezei          Filip Novak              60     1   3  1  
 2 Mathieu Schneider        Johnny Oduya             40     1   3  1  

4 vs 4 Forward 
   Center                   Wing                     Time % Phy DF OF 
 1 Mike Modano              Patrik Elias             60     0   1  4  
 2 David Legwand            Cory Stillman            40     0   1  4  

4 vs 4 Defense
   Defense                  Defense                  Time % Phy DF OF 
 1 Mathieu Schneider        Johnny Oduya             60     0   1  4  
 2 Branislav Mezei          Brendan Bell             40     0   1  4  

Last Minutes Offensive
   Center                   Left Wing                Right Wing               Defense                  Defense                  
   David Legwand            Cory Stillman            Nathan Horton            Mathieu Schneider        Johnny Oduya             

Last Minutes Defensive
   Center                   Left Wing                Right Wing               Defense                  Defense                  
   Mike Modano              Cory Stillman            Nathan Horton            Branislav Mezei          Filip Novak              

Goaltenders
Starting : Miika Kiprusoff          
Backup : Chris Osgood             

Extra Forwards
Normal : David Legwand, Mike Modano, Steve Rucchin - PP : David Legwand, Steve Rucchin - PK : David Legwand
Extra Defensemen
Normal : Filip Novak, Mathieu Schneider, Branislav Mezei - PP : Brendan Bell - PK : Branislav Mezei, Brendan Bell
Penalty Shots
Mike Modano, Alexei Kovalev, Cory Stillman, Nathan Horton, Steve Rucchin

Devils

5 vs 5 Forward 
   Center                   Left Wing                Right Wing               Time % Phy DF OF 
 1 Anze Kopitar             Ramzi Abid               Teemu Selanne            40     0   2  3  
 2 Doug Weight              Henrik Zetterberg        Marian Hossa             30     0   2  3  
 3 Olli Jokinen             Chris Kunitz             Peter Prucha             20     0   2  3  
 4 Jason Williams           Vladimir Orszagh         Radek Dvorak             10     0   3  2  

5 vs 5 Defense 
   Defense                  Defense                                           Time % Phy DF OF 
 1 Sergei Zubov             Ben Lovejoy                                       40     1   2  2  
 2 Chris Pronger            Roman Hamrlik                                     30     1   2  2  
 3 Richard Matvichuk        Boris Mironov                                     20     1   2  2  
 4 Roman Hamrlik            Chris Pronger                                     10     1   2  2  

PowerPlay Forward 
   Center                   Left Wing                Right Wing               Time % Phy DF OF 
 1 Anze Kopitar             Henrik Zetterberg        Teemu Selanne            60     0   1  4  
 2 Doug Weight              Ramzi Abid               Marian Hossa             40     0   1  4  

PowerPlay Defense
   Defense                  Defense                                           Time % Phy DF OF 
 1 Sergei Zubov             Ben Lovejoy                                       60     1   2  2  
 2 Chris Pronger            Roman Hamrlik                                     40     1   2  2  

Penalty Kill 4 Players Forward 
   Center                   Wing                     Time % Phy DF OF 
 1 Doug Weight              Teemu Selanne            60     0   3  2  
 2 Anze Kopitar             Marian Hossa             40     0   3  2  

Penalty Kill 4 Players Defense
   Defense                  Defense                  Time % Phy DF OF 
 1 Chris Pronger            Roman Hamrlik            60     0   4  1  
 2 Richard Matvichuk        Sergei Zubov             40     0   4  1  

Penalty Kill - 3 Players Forward 
   Forward                                           Time % Phy DF OF 
 1 Anze Kopitar                                      60     1   2  2  
 2 Olli Jokinen                                      40     1   2  2  

Penalty Kill - 3 Players Defense
   Defense                  Defense                  Time % Phy DF OF 
 1 Sergei Zubov             Roman Hamrlik            60     1   3  1  
 2 Chris Pronger            Richard Matvichuk        40     1   3  1  

4 vs 4 Forward 
   Center                   Wing                     Time % Phy DF OF 
 1 Olli Jokinen             Marian Hossa             60     1   2  2  
 2 Anze Kopitar             Teemu Selanne            40     1   2  2  

4 vs 4 Defense
   Defense                  Defense                  Time % Phy DF OF 
 1 Sergei Zubov             Ben Lovejoy              60     1   2  2  
 2 Chris Pronger            Richard Matvichuk        40     1   2  2  

Last Minutes Offensive
   Center                   Left Wing                Right Wing               Defense                  Defense                  
   Anze Kopitar             Henrik Zetterberg        Marian Hossa             Sergei Zubov             Chris Pronger            

Last Minutes Defensive
   Center                   Left Wing                Right Wing               Defense                  Defense                  
   Anze Kopitar             Henrik Zetterberg        Marian Hossa             Sergei Zubov             Chris Pronger            

Goaltenders
Starting : Jimmy Howard             
Backup : Dan Ellis                

Extra Forwards
Normal : Olli Jokinen, Vladimir Orszagh, Peter Prucha - PP : Olli Jokinen, Peter Prucha - PK : Henrik Zetterberg
Extra Defensemen
Normal : Richard Matvichuk, Ben Lovejoy, Roman Hamrlik - PP : Richard Matvichuk - PK : Ben Lovejoy, Richard Matvichuk
Penalty Shots
Anze Kopitar, Marian Hossa, Ramzi Abid, Teemu Selanne, Henrik Zetterberg

% Time on Ice - Stars

Lines # - Real PCT - Wanted PCT - Time Play
Normal Forward
1 - 29% - 40% - 14:05
2 - 30% - 40% - 14:25
3 - 23% - 12% - 10:55
4 - 18% - 8% - 8:22
Normal Defense
1 - 38% - 40% - 18:23
2 - 35% - 30% - 16:45
3 - 24% - 20% - 11:37
4 - 2% - 10% - 1:02
PP Forward
1 - 63% - 60% - 4:23
2 - 37% - 40% - 2:35
PP Defense
1 - 64% - 60% - 4:27
2 - 36% - 40% - 2:31
PK Forward
1 - 81% - 60% - 4:14
2 - 19% - 40% - 1:01
PK Defense
1 - 69% - 60% - 3:37
2 - 31% - 40% - 1:38
PK3 Forward
1 - 0% - 60%
2 - 0% - 40%
PK3 Defense
1 - 0% - 60%
2 - 0% - 40%
44 Forward
1 - 0% - 60%
2 - 0% - 40%
44 Defense
1 - 0% - 60%
2 - 0% - 40%
Last Minute Offensive  - 0:00
Last Minute Defensive  - 0:00
Total
Forward - 60:00
Defense - 60:00

% Time on Ice - Devils

Lines # - Real PCT - Wanted PCT - Time Play
Normal Forward
1 - 34% - 40% - 16:12
2 - 25% - 30% - 12:11
3 - 23% - 20% - 11:04
4 - 17% - 10% - 8:20
Normal Defense
1 - 41% - 40% - 19:22
2 - 31% - 30% - 14:41
3 - 23% - 20% - 11:04
4 - 6% - 10% - 2:40
PP Forward
1 - 61% - 60% - 3:12
2 - 39% - 40% - 2:03
PP Defense
1 - 64% - 60% - 3:21
2 - 36% - 40% - 1:54
PK Forward
1 - 72% - 60% - 5:03
2 - 28% - 40% - 1:55
PK Defense
1 - 49% - 60% - 3:25
2 - 51% - 40% - 3:33
PK3 Forward
1 - 0% - 60%
2 - 0% - 40%
PK3 Defense
1 - 0% - 60%
2 - 0% - 40%
44 Forward
1 - 0% - 60%
2 - 0% - 40%
44 Defense
1 - 0% - 60%
2 - 0% - 40%
Last Minute Offensive  - 0:00
Last Minute Defensive  - 0:00
Total
Forward - 60:00
Defense - 60:00

Play by Play

1st period


0:01 of 1st period - Anze Kopitar wins face-off versus David Legwand in neutral zone.
0:04 of 1st period - Backhand shot by Sergei Zubov.
0:04 of 1st period - Stopped by Miika Kiprusoff without a rebound.
0:05 of 1st period - David Legwand wins face-off versus Anze Kopitar in Stars zone.
0:09 of 1st period - Off-side.
0:10 of 1st period - David Legwand wins face-off versus Anze Kopitar in neutral zone.
0:19 of 1st period - Wrist shot by Cory Stillman.
0:19 of 1st period - Shot Misses the Net.
1:03 of 1st period - Wrist shot by Cory Stillman.
1:03 of 1st period - Stopped by Jimmy Howard with a rebound.
1:32 of 1st period - Wrist shot by Anze Kopitar.
1:32 of 1st period - Stopped by Miika Kiprusoff with a rebound.
1:34 of 1st period - Slapshot by Sergei Zubov.
1:34 of 1st period - Shot Misses the Net.
1:52 of 1st period - Snap shot by Anze Kopitar.
1:52 of 1st period - Stopped by Miika Kiprusoff without a rebound.
1:53 of 1st period - Mike Modano wins face-off versus Doug Weight in Stars zone.
1:58 of 1st period - Chris Pronger is hit by Mike Modano and loses puck.
2:19 of 1st period - Filip Novak is hit by Chris Kunitz and loses puck.
2:57 of 1st period - Icing by Chris Pronger.
2:58 of 1st period - Mike Modano wins face-off versus Doug Weight in Devils zone.
3:01 of 1st period - Wrist shot by Alexei Kovalev.
3:01 of 1st period - Stopped by Jimmy Howard with a rebound.
3:09 of 1st period - Wrist shot by Henrik Zetterberg.
3:09 of 1st period - Goal by Henrik Zetterberg - Stars : 0 - Devils : 1.
3:10 of 1st period - Mike Modano wins face-off versus Doug Weight in neutral zone.
3:35 of 1st period - Olli Jokinen is hit by Steve Rucchin and loses puck.
3:56 of 1st period - Mathieu Schneider is hit by Vladimir Orszagh and loses puck.
4:17 of 1st period - Anze Kopitar is hit by Mike Modano and loses puck.
5:04 of 1st period - Slapshot by Chris Pronger.
5:04 of 1st period - Deflect By Mike Modano.
5:04 of 1st period - Stopped by Miika Kiprusoff without a rebound.
5:05 of 1st period - Mike Modano wins face-off versus Olli Jokinen in Stars zone.
5:12 of 1st period - Snap shot by Olli Jokinen.
5:12 of 1st period - Stopped by Miika Kiprusoff with a rebound.
5:14 of 1st period - Slapshot by Roman Hamrlik.
5:14 of 1st period - Shot Blocked by Johnny Oduya.
5:16 of 1st period - Snap shot by Olli Jokinen.
5:16 of 1st period - Stopped by Miika Kiprusoff without a rebound.
5:17 of 1st period - Doug Weight wins face-off versus Mike Modano in Stars zone.
5:18 of 1st period - Snap shot by Henrik Zetterberg.
5:18 of 1st period - Deflect By Marian Hossa.
5:18 of 1st period - Shot Blocked by Johnny Oduya.
5:18 of 1st period - Puck is out of play.
5:19 of 1st period - Mike Modano wins face-off versus Doug Weight in Stars zone.
5:19 of 1st period - Mike Modano is hit by Boris Mironov.
5:32 of 1st period - Slapshot by Marian Hossa.
5:32 of 1st period - Shot Hit the Post.
6:05 of 1st period - Slapshot by Anze Kopitar.
6:05 of 1st period - Shot Misses the Net.
6:45 of 1st period - Boris Mironov is hit by Brendan Bell and loses puck.
8:41 of 1st period - Snap shot by Ramzi Abid.
8:41 of 1st period - Stopped by Miika Kiprusoff with a rebound.
9:12 of 1st period - Icing by Branislav Mezei.
9:13 of 1st period - Jason Williams wins face-off versus Glen Metropolit in Stars zone.
9:26 of 1st period - Wrist shot by Doug Weight.
9:26 of 1st period - Stopped by Miika Kiprusoff with a rebound.
9:48 of 1st period - Wrist shot by Anze Kopitar.
9:48 of 1st period - Stopped by Miika Kiprusoff without a rebound.
9:49 of 1st period - Doug Weight wins face-off versus Mike Modano in Stars zone.
10:08 of 1st period - Henrik Zetterberg is hit by Mathieu Schneider and loses puck.
11:19 of 1st period - Anze Kopitar is hit by Mike Modano and loses puck.
11:42 of 1st period - Ben Lovejoy is hit by Glen Metropolit.
11:55 of 1st period - Icing by David Legwand.
11:56 of 1st period - Jason Williams wins face-off versus David Legwand in Stars zone.
11:57 of 1st period - Snap shot by Vladimir Orszagh.
11:57 of 1st period - Shot Misses the Net.
12:02 of 1st period - Off-side.
12:03 of 1st period - Anze Kopitar wins face-off versus Mike Modano in neutral zone.
12:12 of 1st period - Anze Kopitar is hit by Patrik Elias.
13:11 of 1st period - Wrist shot by Mike Modano.
13:11 of 1st period - Stopped by Jimmy Howard with a rebound.
13:19 of 1st period - Slapshot by Olli Jokinen.
13:19 of 1st period - Shot Misses the Net.
14:01 of 1st period - Wrist shot by Nathan Horton.
14:01 of 1st period - Shot Misses the Net.
15:13 of 1st period - Snap shot by Jan Hlavac.
15:13 of 1st period - Shot Blocked by Sergei Zubov.
15:15 of 1st period - Snap shot by Mark Parrish.
15:15 of 1st period - Stopped by Jimmy Howard without a rebound.
15:16 of 1st period - Glen Metropolit wins face-off versus Doug Weight in Devils zone.
15:31 of 1st period - Wrist shot by Glen Metropolit.
15:31 of 1st period - Deflect By Mark Parrish.
15:31 of 1st period - Shot Blocked by Sergei Zubov.
15:31 of 1st period - Puck is out of play.
15:32 of 1st period - Anze Kopitar wins face-off versus Mike Modano in Devils zone.
15:39 of 1st period - Slapshot by Anze Kopitar.
15:39 of 1st period - Shot Blocked by Branislav Mezei.
15:41 of 1st period - Wrist shot by Anze Kopitar.
15:41 of 1st period - Shot Misses the Net.
15:43 of 1st period - Slapshot by Teemu Selanne.
15:43 of 1st period - Stopped by Miika Kiprusoff without a rebound.
15:44 of 1st period - Anze Kopitar wins face-off versus Patrik Elias in Stars zone.
15:45 of 1st period - Slapshot by Ramzi Abid.
15:45 of 1st period - Stopped by Miika Kiprusoff without a rebound.
15:46 of 1st period - Mike Modano wins face-off versus Anze Kopitar in Stars zone.
15:57 of 1st period - Slapshot by Anze Kopitar.
15:57 of 1st period - Stopped by Miika Kiprusoff with a rebound.
16:02 of 1st period - Minor Penalty to Anze Kopitar for Interference.
16:03 of 1st period - Doug Weight wins face-off versus David Legwand in Devils zone.
16:16 of 1st period - Wrist shot by Teemu Selanne.
16:16 of 1st period - Shot Misses the Net.
16:22 of 1st period - Mathieu Schneider is hit by Doug Weight and loses puck.
16:49 of 1st period - Snap shot by David Legwand.
16:49 of 1st period - Shot Blocked by Richard Matvichuk.
17:03 of 1st period - Slapshot by Mathieu Schneider.
17:03 of 1st period - Goal by Mathieu Schneider - Stars : 1 - Devils : 1.
17:04 of 1st period - Mike Modano wins face-off versus Chris Kunitz in neutral zone.
17:07 of 1st period - Roman Hamrlik is hit by Patrik Elias and loses puck.
17:12 of 1st period - Wrist shot by Patrik Elias.
17:12 of 1st period - Stopped by Jimmy Howard without a rebound.
17:13 of 1st period - Mike Modano wins face-off versus Olli Jokinen in Devils zone.
17:45 of 1st period - Snap shot by Olli Jokinen.
17:45 of 1st period - Shot Misses the Net.
18:15 of 1st period - Snap shot by Mike Modano.
18:15 of 1st period - Deflect By Alexei Kovalev.
18:15 of 1st period - Shot Misses the Net.
18:15 of 1st period - Puck is out of play.
18:16 of 1st period - Ramzi Abid wins face-off versus David Legwand in Devils zone.
19:26 of 1st period - Snap shot by David Legwand.
19:26 of 1st period - Shot Misses the Net.

2nd period


0:01 of 2nd period - Anze Kopitar wins face-off versus Cory Stillman in neutral zone.
0:05 of 2nd period - Minor Penalty to Ramzi Abid for Hooking.
0:06 of 2nd period - David Legwand wins face-off versus Doug Weight in Devils zone.
0:18 of 2nd period - Off-side.
0:19 of 2nd period - Doug Weight wins face-off versus David Legwand in neutral zone.
0:31 of 2nd period - Slapshot by Cory Stillman.
0:31 of 2nd period - Stopped by Jimmy Howard without a rebound.
0:32 of 2nd period - David Legwand wins face-off versus Doug Weight in Devils zone.
0:43 of 2nd period - Slapshot by Doug Weight.
0:43 of 2nd period - Shot Misses the Net.
0:57 of 2nd period - Doug Weight is hit by Patrik Elias and loses puck.
1:06 of 2nd period - Wrist shot by Mike Modano.
1:06 of 2nd period - Shot Misses the Net.
1:08 of 2nd period - Snap shot by Patrik Elias.
1:08 of 2nd period - Deflect By Alexei Kovalev.
1:08 of 2nd period - Shot Misses the Net.
1:08 of 2nd period - Puck is out of play.
1:09 of 2nd period - David Legwand wins face-off versus Doug Weight in Devils zone.
1:14 of 2nd period - Snap shot by Nathan Horton.
1:14 of 2nd period - Stopped by Jimmy Howard with a rebound.
1:24 of 2nd period - Snap shot by David Legwand.
1:24 of 2nd period - Stopped by Jimmy Howard with a rebound.
1:34 of 2nd period - Alexei Kovalev is hit by Anze Kopitar and loses puck.
1:45 of 2nd period - Richard Matvichuk is hit by Patrik Elias and loses puck.
2:05 of 2nd period - Penalty to Ramzi Abid is over, Ramzi Abid is back on ice.
2:24 of 2nd period - Slapshot by Henrik Zetterberg.
2:24 of 2nd period - Shot Blocked by Johnny Oduya.
2:26 of 2nd period - Snap shot by Chris Kunitz.
2:26 of 2nd period - Goal by Chris Kunitz - Stars : 1 - Devils : 2.
2:27 of 2nd period - Mike Modano wins face-off versus Anze Kopitar in neutral zone.
2:32 of 2nd period - Snap shot by Mike Modano.
2:32 of 2nd period - Shot Misses the Net.
2:34 of 2nd period - Slapshot by Alexei Kovalev.
2:34 of 2nd period - Shot Misses the Net.
2:52 of 2nd period - Branislav Mezei is hit by Doug Weight and loses puck.
3:19 of 2nd period - Radek Dvorak is hit by David Legwand and loses puck.
3:51 of 2nd period - Mike Modano is hit by Anze Kopitar and loses puck.
4:22 of 2nd period - Henrik Zetterberg is hit by Branislav Mezei and loses puck.
4:43 of 2nd period - Snap shot by Jason Williams.
4:43 of 2nd period - Deflect By Radek Dvorak.
4:43 of 2nd period - Stopped by Miika Kiprusoff with a rebound.
5:15 of 2nd period - Snap shot by Mark Parrish.
5:15 of 2nd period - Shot Misses the Net.
6:02 of 2nd period - Slapshot by Johnny Oduya.
6:02 of 2nd period - Stopped by Jimmy Howard without a rebound.
6:03 of 2nd period - Mike Modano wins face-off versus Anze Kopitar in Devils zone.
6:06 of 2nd period - Snap shot by Patrik Elias.
6:06 of 2nd period - Shot Blocked by Ramzi Abid.
6:08 of 2nd period - Slapshot by Mathieu Schneider.
6:08 of 2nd period - Stopped by Jimmy Howard with a rebound.
6:10 of 2nd period - Snap shot by Alexei Kovalev.
6:10 of 2nd period - Stopped by Jimmy Howard with a rebound.
6:12 of 2nd period - Slapshot by Mathieu Schneider.
6:12 of 2nd period - Shot Blocked by Roman Hamrlik.
6:28 of 2nd period - Cory Stillman is hit by Henrik Zetterberg and loses puck.
6:35 of 2nd period - Wrist shot by Doug Weight.
6:35 of 2nd period - Stopped by Miika Kiprusoff with a rebound.
6:39 of 2nd period - Snap shot by Marian Hossa.
6:39 of 2nd period - Shot Hit the Post.
7:02 of 2nd period - Minor Penalty to Boris Mironov for Holding.
7:03 of 2nd period - David Legwand wins face-off versus Doug Weight in Devils zone.
7:49 of 2nd period - Wrist shot by Marian Hossa.
7:49 of 2nd period - Shot Blocked by Johnny Oduya.
8:23 of 2nd period - Cory Stillman is hit by Richard Matvichuk and loses puck.
8:32 of 2nd period - Anze Kopitar is hit by David Legwand and loses puck.
9:02 of 2nd period - Penalty to Boris Mironov is over, Boris Mironov is back on ice.
9:15 of 2nd period - Off-side.
9:16 of 2nd period - Jason Williams wins face-off versus Steve Rucchin in neutral zone.
9:31 of 2nd period - Jason Williams is hit by Brendan Bell and loses puck.
9:41 of 2nd period - Slapshot by Roman Hamrlik.
9:41 of 2nd period - Stopped by Miika Kiprusoff with a rebound.
9:51 of 2nd period - Snap shot by Jason Williams.
9:51 of 2nd period - Stopped by Miika Kiprusoff with a rebound.
9:53 of 2nd period - Wrist shot by Radek Dvorak.
9:53 of 2nd period - Shot Misses the Net.
9:55 of 2nd period - Wrist shot by Jason Williams.
9:55 of 2nd period - Shot Blocked by Randy Jones.
9:57 of 2nd period - Slapshot by Ben Lovejoy.
9:57 of 2nd period - Shot Blocked by Marcus Nilson.
9:59 of 2nd period - Slapshot by Boris Mironov.
9:59 of 2nd period - Stopped by Miika Kiprusoff without a rebound.
10:00 of 2nd period - Mike Modano wins face-off versus Anze Kopitar in Stars zone.
10:37 of 2nd period - Minor Penalty to David Legwand for Hooking.
10:38 of 2nd period - Mike Modano wins face-off versus Anze Kopitar in Stars zone.
10:43 of 2nd period - Snap shot by Mike Modano.
10:43 of 2nd period - Deflect By Cory Stillman.
10:43 of 2nd period - Shot Blocked by Henrik Zetterberg.
10:43 of 2nd period - Puck is out of play.
10:44 of 2nd period - Anze Kopitar wins face-off versus Mike Modano in Devils zone.
11:16 of 2nd period - Mathieu Schneider is hit by Doug Weight and loses puck.
12:37 of 2nd period - Penalty to David Legwand is over, David Legwand is back on ice.
12:51 of 2nd period - Evgeny Artyukhin is hit by Peter Prucha and loses puck.
13:23 of 2nd period - Randy Jones is hit by Chris Kunitz and loses puck.
13:36 of 2nd period - David Legwand is hit by Vladimir Orszagh and loses puck.
13:49 of 2nd period - Teemu Selanne is hit by Jan Hlavac.
14:44 of 2nd period - Wrist shot by Evgeny Artyukhin.
14:44 of 2nd period - Shot Misses the Net.
15:02 of 2nd period - Brendan Bell is hit by Sergei Zubov and loses puck.
15:13 of 2nd period - Brendan Bell is hit by Marian Hossa.
15:17 of 2nd period - Sergei Zubov is hit by Jan Hlavac and loses puck.
15:22 of 2nd period - Wrist shot by Jan Hlavac.
15:22 of 2nd period - Goal by Jan Hlavac - Stars : 2 - Devils : 2.
15:23 of 2nd period - David Legwand wins face-off versus Anze Kopitar in neutral zone.
15:30 of 2nd period - Slapshot by Mathieu Schneider.
15:30 of 2nd period - Shot Misses the Net.
15:32 of 2nd period - Snap shot by Cory Stillman.
15:32 of 2nd period - Shot Blocked by Sergei Zubov.
15:34 of 2nd period - Wrist shot by Nathan Horton.
15:34 of 2nd period - Shot Misses the Net.
15:36 of 2nd period - Slapshot by Nathan Horton.
15:36 of 2nd period - Stopped by Jimmy Howard without a rebound.
15:37 of 2nd period - Anze Kopitar wins face-off versus Mike Modano in Devils zone.
15:42 of 2nd period - Slapshot by Mike Modano.
15:42 of 2nd period - Shot Misses the Net.
16:29 of 2nd period - Olli Jokinen is hit by Marcus Nilson and loses puck.
17:02 of 2nd period - Wrist shot by Anze Kopitar.
17:02 of 2nd period - Goal by Anze Kopitar - Stars : 2 - Devils : 3.
17:03 of 2nd period - David Legwand wins face-off versus Anze Kopitar in neutral zone.
17:06 of 2nd period - Ramzi Abid is hit by Cory Stillman and loses puck.
17:12 of 2nd period - Icing by Chris Pronger.
17:13 of 2nd period - Anze Kopitar wins face-off versus David Legwand in Devils zone.
17:30 of 2nd period - Snap shot by Ramzi Abid.
17:30 of 2nd period - Stopped by Miika Kiprusoff without a rebound.
17:31 of 2nd period - Mike Modano wins face-off versus Doug Weight in Stars zone.
17:31 of 2nd period - Mike Modano is hit by Marian Hossa.
18:28 of 2nd period - Snap shot by Jan Hlavac.
18:28 of 2nd period - Shot Blocked by Ben Lovejoy.
18:30 of 2nd period - Slapshot by Brendan Bell.
18:30 of 2nd period - Shot Blocked by Ben Lovejoy.
18:32 of 2nd period - Snap shot by Brendan Bell.
18:32 of 2nd period - Stopped by Jimmy Howard with a rebound.
19:14 of 2nd period - Snap shot by Henrik Zetterberg.
19:14 of 2nd period - Shot Blocked by Steve Rucchin.
19:21 of 2nd period - Minor Penalty to Steve Rucchin for Hooking.
19:22 of 2nd period - Mike Modano wins face-off versus Anze Kopitar in Stars zone.
19:51 of 2nd period - Slapshot by Doug Weight.
19:51 of 2nd period - Shot Blocked by Filip Novak.
19:53 of 2nd period - Slapshot by Roman Hamrlik.
19:53 of 2nd period - Goal by Roman Hamrlik - Stars : 2 - Devils : 4.
19:54 of 2nd period - Mike Modano wins face-off versus Anze Kopitar in neutral zone.

3rd period


0:01 of 3rd period - Teemu Selanne wins face-off versus David Legwand in neutral zone.
0:04 of 3rd period - Slapshot by Roman Hamrlik.
0:04 of 3rd period - Shot Misses the Net.
0:06 of 3rd period - Wrist shot by Ramzi Abid.
0:06 of 3rd period - Stopped by Miika Kiprusoff with a rebound.
0:08 of 3rd period - Wrist shot by Teemu Selanne.
0:08 of 3rd period - Stopped by Miika Kiprusoff without a rebound.
0:09 of 3rd period - David Legwand wins face-off versus Anze Kopitar in Stars zone.
0:14 of 3rd period - David Legwand is hit by Ramzi Abid.
0:17 of 3rd period - Minor Penalty to David Legwand for Hooking.
0:18 of 3rd period - Anze Kopitar wins face-off versus Mike Modano in Stars zone.
0:25 of 3rd period - Wrist shot by Henrik Zetterberg.
0:25 of 3rd period - Stopped by Miika Kiprusoff without a rebound.
0:26 of 3rd period - Mike Modano wins face-off versus Anze Kopitar in Stars zone.
0:44 of 3rd period - Icing by Henrik Zetterberg.
0:45 of 3rd period - Mike Modano wins face-off versus Anze Kopitar in Devils zone.
0:56 of 3rd period - Wrist shot by Anze Kopitar.
0:56 of 3rd period - Shot Misses the Net.
1:00 of 3rd period - Wrist shot by Teemu Selanne.
1:00 of 3rd period - Shot Misses the Net.
1:02 of 3rd period - Wrist shot by Henrik Zetterberg.
1:02 of 3rd period - Goal by Henrik Zetterberg - Stars : 2 - Devils : 5.
1:03 of 3rd period - Mike Modano wins face-off versus Anze Kopitar in neutral zone.
1:10 of 3rd period - Wrist shot by Patrik Elias.
1:10 of 3rd period - Shot Misses the Net.
1:16 of 3rd period - Slapshot by Ramzi Abid.
1:16 of 3rd period - Stopped by Miika Kiprusoff with a rebound.
1:18 of 3rd period - Slapshot by Ramzi Abid.
1:18 of 3rd period - Shot Blocked by Mathieu Schneider.
1:28 of 3rd period - Johnny Oduya is hit by Sergei Zubov and loses puck.
1:34 of 3rd period - Icing by Johnny Oduya.
1:35 of 3rd period - Olli Jokinen wins face-off versus Mike Modano in Stars zone.
1:50 of 3rd period - Snap shot by Mike Modano.
1:50 of 3rd period - Shot Blocked by Chris Pronger.
1:52 of 3rd period - Snap shot by Mike Modano.
1:52 of 3rd period - Stopped by Jimmy Howard without a rebound.
1:53 of 3rd period - David Legwand wins face-off versus Anze Kopitar in Devils zone.
2:08 of 3rd period - Slapshot by Sergei Zubov.
2:08 of 3rd period - Shot Blocked by Nathan Horton.
2:26 of 3rd period - Snap shot by Henrik Zetterberg.
2:26 of 3rd period - Deflect By Doug Weight.
2:26 of 3rd period - Shot Misses the Net.
2:26 of 3rd period - Puck is out of play.
2:27 of 3rd period - Marian Hossa wins face-off versus Mike Modano in Stars zone.
2:52 of 3rd period - Chris Pronger is hit by Nathan Horton and loses puck.
4:37 of 3rd period - Wrist shot by Evgeny Artyukhin.
4:37 of 3rd period - Shot Misses the Net.
4:39 of 3rd period - Wrist shot by Steve Rucchin.
4:39 of 3rd period - Goal by Steve Rucchin - Stars : 3 - Devils : 5.
4:40 of 3rd period - Anze Kopitar wins face-off versus David Legwand in neutral zone.
4:43 of 3rd period - Slapshot by Ramzi Abid.
4:43 of 3rd period - Deflect By Anze Kopitar.
4:43 of 3rd period - Shot Misses the Net.
4:43 of 3rd period - Puck is out of play.
4:44 of 3rd period - David Legwand wins face-off versus Anze Kopitar in Stars zone.
4:57 of 3rd period - Slapshot by David Legwand.
4:57 of 3rd period - Shot Misses the Net.
5:16 of 3rd period - Slapshot by Henrik Zetterberg.
5:16 of 3rd period - Deflect By Doug Weight.
5:16 of 3rd period - Stopped by Miika Kiprusoff with a rebound.
5:18 of 3rd period - Snap shot by Doug Weight.
5:18 of 3rd period - Shot Blocked by Alexei Kovalev.
5:36 of 3rd period - Snap shot by Evgeny Artyukhin.
5:36 of 3rd period - Shot Blocked by Chris Kunitz.
5:38 of 3rd period - Slapshot by Brendan Bell.
5:38 of 3rd period - Stopped by Jimmy Howard with a rebound.
5:54 of 3rd period - Minor Penalty to Sergei Zubov for High sticking.
5:55 of 3rd period - Teemu Selanne wins face-off versus David Legwand in Devils zone.
7:32 of 3rd period - David Legwand is hit by Ben Lovejoy and loses puck.
7:54 of 3rd period - Penalty to Sergei Zubov is over, Sergei Zubov is back on ice.
8:11 of 3rd period - Wrist shot by Evgeny Artyukhin.
8:11 of 3rd period - Deflect By Steve Rucchin.
8:11 of 3rd period - Shot Misses the Net.
8:11 of 3rd period - Puck is out of play.
8:12 of 3rd period - Olli Jokinen wins face-off versus Glen Metropolit in Devils zone.
8:25 of 3rd period - Slapshot by Jan Hlavac.
8:25 of 3rd period - Stopped by Jimmy Howard without a rebound.
8:26 of 3rd period - David Legwand wins face-off versus Ramzi Abid in Devils zone.
8:51 of 3rd period - Marian Hossa is hit by Mike Modano and loses puck.
8:56 of 3rd period - Wrist shot by Patrik Elias.
8:56 of 3rd period - Shot Misses the Net.
9:16 of 3rd period - Sergei Zubov is hit by Mathieu Schneider.
9:20 of 3rd period - Steve Rucchin is hit by Chris Kunitz and loses puck.
9:30 of 3rd period - Icing by Johnny Oduya.
9:31 of 3rd period - Jason Williams wins face-off versus Steve Rucchin in Stars zone.
9:44 of 3rd period - Wrist shot by Johnny Oduya.
9:44 of 3rd period - Stopped by Jimmy Howard with a rebound.
9:46 of 3rd period - Snap shot by Johnny Oduya.
9:46 of 3rd period - Deflect By Teemu Selanne.
9:46 of 3rd period - Stopped by Jimmy Howard without a rebound.
9:47 of 3rd period - David Legwand wins face-off versus Doug Weight in Devils zone.
10:02 of 3rd period - Wrist shot by David Legwand.
10:02 of 3rd period - Stopped by Jimmy Howard with a rebound.
10:12 of 3rd period - Anze Kopitar is hit by Branislav Mezei and loses puck.
10:17 of 3rd period - Snap shot by Patrik Elias.
10:17 of 3rd period - Stopped by Jimmy Howard with a rebound.
10:19 of 3rd period - Snap shot by Alexei Kovalev.
10:19 of 3rd period - Shot Misses the Net.
10:21 of 3rd period - Snap shot by Mike Modano.
10:21 of 3rd period - Shot Blocked by Chris Pronger.
10:33 of 3rd period - Wrist shot by Olli Jokinen.
10:33 of 3rd period - Shot Misses the Net.
10:50 of 3rd period - Icing by Johnny Oduya.
10:51 of 3rd period - Jason Williams wins face-off versus David Legwand in Stars zone.
11:27 of 3rd period - Off-side.
11:28 of 3rd period - Doug Weight wins face-off versus David Legwand in neutral zone.
11:53 of 3rd period - Filip Novak is hit by Anze Kopitar and loses puck.
12:34 of 3rd period - David Legwand is hit by Jason Williams and loses puck.
12:39 of 3rd period - Slapshot by Sergei Zubov.
12:39 of 3rd period - Deflect By Jason Williams.
12:39 of 3rd period - Goal by Jason Williams - Stars : 3 - Devils : 6.
12:40 of 3rd period - Teemu Selanne wins face-off versus Mike Modano in neutral zone.
12:42 of 3rd period - Sergei Zubov is hit by Mike Modano and loses puck.
12:44 of 3rd period - Minor Penalty to Patrik Elias for Interference.
12:45 of 3rd period - Mike Modano wins face-off versus Anze Kopitar in Stars zone.
13:38 of 3rd period - Mathieu Schneider is hit by Chris Pronger and loses puck.
14:44 of 3rd period - Penalty to Patrik Elias is over, Patrik Elias is back on ice.
15:03 of 3rd period - Glen Metropolit is hit by Peter Prucha and loses puck.
16:12 of 3rd period - Wrist shot by Cory Stillman.
16:12 of 3rd period - Shot Blocked by Peter Prucha.
16:54 of 3rd period - Randy Jones is hit by Vladimir Orszagh and loses puck.
18:11 of 3rd period - Doug Weight is hit by Cory Stillman and loses puck.
18:24 of 3rd period - Filip Novak is hit by Chris Kunitz and loses puck.
18:37 of 3rd period - Johnny Oduya is hit by Teemu Selanne.
18:47 of 3rd period - Evgeny Artyukhin is hit by Jason Williams and loses puck.
18:53 of 3rd period - Icing by Marcus Nilson.
18:54 of 3rd period - Doug Weight wins face-off versus Steve Rucchin in Stars zone.
19:01 of 3rd period - Snap shot by Doug Weight.
19:01 of 3rd period - Stopped by Miika Kiprusoff with a rebound.
19:21 of 3rd period - Slapshot by Marcus Nilson.
19:21 of 3rd period - Stopped by Jimmy Howard without a rebound.
19:22 of 3rd period - Mike Modano wins face-off versus Teemu Selanne in Devils zone.
19:23 of 3rd period - Snap shot by Patrik Elias.
19:23 of 3rd period - Deflect By Alexei Kovalev.
19:23 of 3rd period - Shot Misses the Net.
19:23 of 3rd period - Puck is out of play.
19:24 of 3rd period - Mike Modano wins face-off versus Anze Kopitar in Devils zone.


Output by the SimonT Hockey Simulator (STHS) for François Prévost -- Original Page W3C XHTML 1.0 Valid
Hockey Simulator - Hockey Simulation - Hockey Manager